 Dungeon Crawl Stone Soup version 0.27-a0-1500-g450c7e4133 (webtiles) character file.

Game seed: 10702777136055300507

41 wesbby the Poker (level 3, 0/51 HPs)
             Began as a Minotaur Berserker on July 7, 2021.
             Was a Believer of Trog.
             Succumbed to Robin's poison
             ... on level 2 of the Dungeon.
             The game lasted 00:01:23 (742 turns).

wesbby the Poker (Minotaur Berserker)                Turns: 742, Time: 00:01:23

Health: 0/51       AC:  5    Str: 22    XL:     3   Next: 32%
Magic:  2/2        EV: 11    Int:  4    God:    Trog [**....]
Gold:   84         SH:  0    Dex:  9    Spells: 2/2 levels left

rFire    . . .     SeeInvis .   a - +0 spear
rCold    . . .     Faith    .   (no shield)
rNeg     . . .     Spirit   .   g - +0 ring mail
rPois    .         Reflect  .   (helmet restricted)
rElec    .         Harm     .   (no cloak)
rCorr    .         Rampage  .   (no gloves)
Will     .....                  (no boots)
Stlth    ..........             (no amulet)
HPRegen  0.17/turn              (no ring)
MPRegen  0.08/turn              (no ring)

@: berserking (expiring), lethally poisoned (0 -> -26), very quick
A: horns 2, retaliatory headbutt
a: Renounce Religion, Berserk, Trog's Hand


You were on level 2 of the Dungeon.
You worshipped Trog.
Trog was pleased with you.
You visited 1 branch of the dungeon, and saw 2 of its levels.

You collected 84 gold pieces.

Inventory:

Hand Weapons
 a - a +0 spear (weapon)
Missiles
 d - 3 atropa-tipped darts (quivered)
Armour
 b - a +0 animal skin
 g - a +0 ring mail (worn)
Scrolls
 c - 2 scrolls of identify {unknown}
 e - a scroll of enchant weapon {unknown}
 f - a scroll of immolation {unknown}
 h - a scroll of silence {unknown}
Potions
 i - a potion of haste {unknown}


   Skills:
 * Level 4.3 Fighting
 * Level 4.4 Polearms
 * Level 2.8 Armour
 + Level 2.3 Dodging


You had 2 spell levels left.
You didn't know any spells.
Your spell library was empty.

Dungeon Overview and Level Annotations

Branches:
Dungeon (2/15)

Altars:

Annotations:
D:2 Robin


Innate Abilities, Weirdness & Mutations

You have a pair of horns on your head.
You reflexively headbutt those who attack you in melee.


Message History

The adder is heavily wounded.
The adder bites you.
You are poisoned.
The adder poisons you!
You puncture the adder!
You kill the adder!
Trog accepts your kill.
You feel sick.
You feel sick.
Robin hits you with a +2 short sword of venom!
You are more poisoned.
Found 27 stones and a blackened fluorescent amulet.
Items here: ( )) †.
You puncture Robin!
Robin is heavily wounded.
You feel very sick.
You barely miss Robin. Your headbutt misses Robin.
Robin is heavily wounded.
You feel sick. Robin hits you but does no damage.
You are lethally poisoned!
You barely miss Robin.
Robin is heavily wounded.
* * * LOW HITPOINT WARNING * * *
You feel very sick.
Robin hits you with a +2 short sword of venom.
* * * LOW HITPOINT WARNING * * *
You barely miss Robin.
Robin is heavily wounded.
* * * LOW HITPOINT WARNING * * *
You feel very sick.
You puncture Robin!
Robin is almost dead.
* * * LOW HITPOINT WARNING * * *
You feel very sick.
Robin hits you with a +2 short sword of venom.
* * * LOW HITPOINT WARNING * * *
You are more poisoned.
You barely miss Robin.
Robin is almost dead.
You die...

#####..###...# ##.#
....#..# .#..# #.#
.......#.# #...
####.## ....#..#.
.#... #.....##
#####..... .#....
#.###..# ........##
... #.# #..# ##.##..#
## #.###..# #.#
..#############..(..##
..
.#..(g@)).).####.###
## .......##.......#.#
..#.##( #.##.##.#.# #
#. #.##)##)#.# #.
#.##..)†..# #.
#.#####.### #. #.# #.#
." #.. ..# ## ####


You could see Robin.

Vanquished Creatures
  An adder (D:2)
  A bat (D:1)
  6 hobgoblins
  A kobold (D:1)
  5 ball pythons
  3 frilled lizards
  10 goblins (D:2)
  3 rats (D:1)
30 creatures vanquished.

Notes
Turn   | Place    | Note
-------+----------+-------------------------------------------
     0 | D:1      | wesbby the Minotaur Berserker began the quest for the Orb.
     0 | D:1      | Reached XP level 1. HP: 19/19 MP: 0/0
   265 | D:1      | Reached XP level 2. HP: 27/27 MP: 1/1
   709 | D:2      | Reached ** piety under Trog
   723 | D:2      | Noticed Robin
   726 | D:2      | Reached XP level 3. HP: 30/33 MP: 2/2
   742 | D:2      | Succumbed to Robin's poison

Illustrated notes

Levels and vault maps discovered:
D:1:      elethiomel_arrival_quiet, layout_rooms
D:2:      layout_loops_cross, minmay_octomino_c4, uniq_jessica, uniq_robin

Skill      XL: |  1  2 |
---------------+-------+-----
Polearms       | 4 |  4.4
Fighting       | 4 |  4.3
Armour         | |  2.8
Dodging        | |  2.3

Action                   || total
-------------------------++-------
Melee: Spear             ||    73
       Headbutt          ||     3
Invok: Berserk           ||     1
Armor: Animal skin       ||     3
       Ring mail         ||     9
Dodge: Dodged            ||    22

Table legend: (Time is in decaauts)
 A = Elapsed time spent in this place.
 B = Non-inter-level travel time spent in this place.
 C = Inter-level travel time spent in this place.
 D = Time resting spent in this place.
 E = Time spent auto-exploring this place.
 F = Levels seen in this place.
 G = Mean time per level.
                   A        B        C        D        E       F      G
               +--------+--------+--------+--------+--------+-----+--------+
         Total |    729 |    722 |      7 |      0 |    587 |   2 |  364.5 |
       Dungeon |    729 |    722 |      7 |      0 |    587 |   2 |  364.5 |
               +--------+--------+--------+--------+--------+-----+--------+

Top non-repeatable levels by time:
     D:1: 607 daAuts
     D:2: 122 daAuts
